 Dungeon Crawl Stone Soup version 0.31.0-12-g77e489cdc1 (webtiles) character file.

Game seed: 8572084283070185834

18774 raph the Geomancer (level 12, -3/68 HPs)
             Began as a Deep Elf Earth Elementalist on Mar 3, 2024.
             Was a Believer of Sif Muna.
             Slain by a wolf spider (25 damage)
             ... in a Gauntlet.
             The game lasted 00:28:25 (14914 turns).

raph the Geomancer (Deep Elf Earth Elementalist)   Turns: 14914, Time: 00:28:25

Health: -3/68      AC: 11    Str:  7    XL:     12   Next: 30%
Magic:  28/36      EV: 19    Int: 28    God:    Sif Muna [**....]
Gold:   554        SH:  0    Dex: 23    Spells: 6/30 levels left

rFire   . . .        a - +9 dagger "Zimamon" {heavy, Fly rPois}
rCold   . . .        (no shield)
rNeg    . . .        v - +2 steam dragon scales
rPois   +            H - +2 hat of Haneokliesh {Int+4 Dex+2 SInv}
rElec   .            g - +0 cloak
rCorr   .            F - +0 pair of gloves
SInv    +            (no boots)
Will    +....        k - amulet of regeneration
Stlth   ++++         f - +6 ring of dexterity
HPRegen 1.11/turn    l - ring of magical power
MPRegen 0.25/turn

%: no teleportation
@: flying
A: no striking features
a: Renounce Religion, Channel Magic


You were in a Gauntlet.
You worshipped Sif Muna.
Sif Muna was pleased with you.
You visited 3 branches of the dungeon, and saw 14 of its levels.
You also visited: Gauntlet.

You collected 774 gold pieces.
You spent 220 gold pieces at shops.

Inventory:

Hand Weapons
 a - the +9 dagger "Zimamon" (weapon) {heavy, Fly rPois}
   (You found it on level 2 of the Dungeon)

   rPois:     It protects you from poison Fly: It grants you flight.
 b - the +6 hammer "Ereiclel" {freeze, rElec Int+3 Dex+3}
   (You found it on level 4 of the Dungeon)

   Int+3:     It affects your intelligence (+3).
   Dex+3:     It affects your dexterity (+3).
   rElec:     It insulates you from electricity.
 j - a +0 dagger of venom
 u - a +2 antimagic rapier
Missiles
 w - 2 throwing nets
Armour
 g - a +0 cloak (worn)
 m - a +0 helmet
 s - a +1 hat
 t - a +2 robe of cold resistance
 v - +2 steam dragon scales (worn)
 F - a +0 pair of gloves (worn)
 H - the +2 hat of Haneokliesh (worn) {Int+4 Dex+2 SInv}
   (You found it in a Gauntlet)

   Int+4:     It affects your intelligence (+4).
   Dex+2:     It affects your dexterity (+2).
   SInv:      It lets you see invisible.
 J - +0 acid dragon scales
Jewellery
 f - a +6 ring of dexterity (left hand)
 k - an amulet of regeneration (around neck)
 l - a ring of magical power (right hand)
 o - a ring of poison resistance
 x - a ring of resist corrosion
 D - a ring of see invisible
Wands
 c - a wand of mindburst (17)
 p - a wand of flame (42)
 y - a wand of roots (20)
 C - a wand of polymorph (10)
Scrolls
 h - 5 scrolls of teleportation
 z - 2 scrolls of amnesia
 B - a scroll of immolation
 E - 2 scrolls of identify
 G - 2 scrolls of poison
Potions
 d - a potion of magic
 e - 4 potions of curing
 i - 3 potions of brilliance
 n - 3 potions of heal wounds
 q - 2 potions of lignification
 r - 2 potions of enlightenment
 A - a potion of cancellation


   Skills:
 + Level 4.9 Fighting
 + Level 8.7 Dodging
 - Level 7.8 Stealth
 + Level 9.5 Spellcasting
 * Level 10.8 Conjurations
 + Level 6.2 Summonings
 * Level 11.2 Earth Magic
 + Level 6.3 Invocations


You had 6 spell levels left.
You knew the following spells:

 Your Spells              Type           Power      Damage    Failure   Level
a - Sandblast             Erth           100%       2d20      1%          1
b - Passwall              Erth           66%        N/A       1%          3
c - Stone Arrow           Conj/Erth      100%       3d13      1%          3
d - Brom's Barrelling Bo  Conj/Erth      66%        2d8       1%          4
e - Call Imp              Summ           96%        N/A       1%          2
f - Hailstorm             Conj/Ice       43%        3d9       1%          3
g - Petrify               Alch/Erth      44%        N/A       4%          4
h - Animate Armour        Summ/Erth      100%       N/A       1%          4

Your spell library contained the following spells:

 Spells                   Type           Power      Damage    Failure   Level
 Foxfire                  Conj/Fire      100%       2x1d9     1%          1
 Summon Small Mammal      Summ           100%       N/A       1%          1
 Call Canine Familiar     Summ           48%        N/A       1%          3
 Freeze                   Ice            52%        1d6       4%          1
 Ensorcelled Hibernation  Hex/Ice        26%        N/A       6%          2
 Sublimation of Blood     Necr           13%        N/A       6%          2
 Summon Blazeheart Golem  Fire/Summ      30%        N/A       12%         4
 Frozen Ramparts          Ice            26%        1d4       13%         3
 Swiftness                Air            13%        N/A       13%         3
 Irradiate                Conj/Alch      21%        3d18      13%         5
 Passage of Golubria      Tloc           13%        N/A       38%         4
 Conjure Ball Lightning   Conj/Air       21%        3x3d6     56%         6
 Starburst                Conj/Fire      21%        6d7       56%         6
 Silence                  Hex/Air        6%         N/A       75%         5
 Plasma Beam              Fire/Air       6%         2x1d17    100%        6
 Summon Hydra             Summ           24%        N/A       95%         7
 Lehudib's Crystal Spear  Conj/Erth      33%        10d8      96%         8
 Discord                  Hex            6%         N/A       100%        8
 Disjunction              Tloc           6%         N/A       100%        8


Dungeon Overview and Level Annotations

Branches:
Dungeon (11/15)            Temple (1/1) D:5            Lair (2/5) D:11
Gauntlet (1/1)
  Swamp: Lair:2-3    Shoals: Lair:2-3     Snake: Lair:2-3    Spider: Lair:2-3
    Orc: D:9-12

Altars:
Ashenzari
Cheibriados
Dithmenos
Elyvilon
Fedhas
Gozag
Hepliaklqana
Kikubaaqudgha
Makhleb
Nemelex Xobeh
Okawaru
Qazlal
Ru
Sif Muna
Trog
Uskayaw
Vehumet
Wu Jian
Xom
Yredelemnul
Zin
The Shining One

Shops:
D:6 =(

Annotations:
D:6 3 runed translucent doors, unihiutale's ghost, novice OpDe
D:7 1 runed translucent door, grmbl's ghost, novice OpCj Gauntlet 7 transporters, 2 runed translucent doors, exclusion: oklob plant


Message History

Aim: a wolf spider (berserk, 78% to hit)
The stone arrow hits the wolf spider!!
The wolf spider is moderately wounded.
The wolf spider hits you!!
The wolf spider bites you but does no damage.
The wolf spider closely misses you. The wolf spider barely misses you.
You don't currently have any unidentified items.
As you read the scroll of fear, it crumbles to dust.
You assume a fearsome visage.
The wolf spider is unaffected.
The redback looks frightened! x2; The moth of wrath easily resists.
The redback looks frightened!
The wolf spider hits you but does no damage.
The wolf spider completely misses you. The wolf spider closely misses you. x2
Casting: Stone Arrow (safe; 1% risk of failure)
Confirm with . or Enter, or press ? or * to list all spells.
Aiming: Stone Arrow (safe; 1% risk of failure)
Press: ? - help, Shift-Dir - straight line, f/p - wolf spider
Aim: a wolf spider (moderately wounded, berserk, 78% to hit)
The stone arrow hits the wolf spider!!
The wolf spider is heavily wounded.
The wolf spider barely misses you.
The wolf spider bites you but does no damage.
The wolf spider misses you.
The wolf spider bites you but does no damage.
Casting: Stone Arrow (safe; 1% risk of failure)
Confirm with . or Enter, or press ? or * to list all spells.
Aiming: Stone Arrow (safe; 1% risk of failure)
Press: ? - help, Shift-Dir - straight line, f/p - wolf spider
Aim: a wolf spider (heavily wounded, berserk, 78% to hit)
The stone arrow hits the wolf spider!!
The wolf spider is severely wounded.
The wolf spider hits you but does no damage.
The wolf spider barely misses you. The wolf spider misses you.
The wolf spider bites you!
* * * LOW HITPOINT WARNING * * *
Cornered, the redback turns to fight! x2; The wolf spider barely misses you.
The wolf spider bites you!
* * * LOW HITPOINT WARNING * * *
You feel much better. The wolf spider hits you!!
You die...

##.###################.
##≈....#©.........©#....
#≈≈..⌠.#.⌠.⌠.⌠.⌠.⌠.#.⌠..
##≈....#©.........©#....
##.#########.#########.
##≈.#.....ss#.#455....#.
#≈≈.#.##s.#.#.#.#####.#.
##≈.#.##sys.#.#2..#...#.
##.#..@###.######©####.
##≈.#...###.#.#...#...#.
#≈≈.#...###.#.#.#####.#.
##≈.#.?.©)[.#.#4[.©(|.#.
##.#########.#########.
##≈.....................
#≈≈≈#≈≈≈#..∩.⌠.∩..#≈≈≈#≈
##≈###≈###.......###≈###
### ### ######### ### #


You could see a wolf spider (berserk), a moth of wrath and 4 redbacks.

Vanquished Creatures
  A catoblepas (Lair:1)
  2 two-headed ogres
  A boulder beetle (D:11)
  An orc knight (D:10)
  Pikel (D:4)
  A cyclops (D:9)
  4 elephants (Lair:1)
  3 black mambas
  A gargoyle (D:11)
  A cane toad (Lair:1)
  An unseen horror (D:11)
  A kobold demonologist (D:10)
  Maggie (D:6)
  Jeremiah (D:6)
  A hornet (D:11)
  2 trolls
  5 blink frogs (Lair:2)
  A shadow (D:11)
  Sigmund (D:6)
  14 yaks
  2 wyverns
  Eustachio (D:4)
  3 steam dragons
  A basilisk (Lair:1)
  Menkaure (D:6)
  4 acid dragons
  6 water moccasins
  2 orc warriors
  A black bear (D:7)
  An ice beast (D:8)
  2 sky beasts (D:7)
  5 wolves (Lair:1)
  A small abomination (Gauntlet)
  2 ogres
  4 centaurs
  7 bullfrogs
  3 kobold brigands
  A scorpion (D:3)
  A gnoll sergeant (D:9)
  9 wights
  6 killer bees
  A howler monkey (D:9)
  3 bombardier beetles
  4 hounds
  3 jellies
  7 orc priests
  Crazy Yiuf (D:4)
  Ijyb (D:4)
  2 sleepcaps
  3 iguanas
  14 orc wizards
  8 gnolls
  10 adders
  2 ufetubi (D:5)
  A dart slug (D:4)
  3 ribbon worms
  21 orcs
  2 endoplasms
  4 giant cockroaches
  11 goblins
  10 hobgoblins
  6 jackals (D:3)
  12 kobolds
  A quokka (D:1)
  6 ball pythons
  8 bats
  4 frilled lizards (D:1)
  6 rats
261 creatures vanquished.

Vanquished Creatures (collateral kills)
  A two-headed ogre (D:10)
  A water moccasin (Lair:2)
  A centaur (D:10)
  A kobold brigand (D:10)
  17 boulders
21 creatures vanquished.

Vanquished Creatures (others)
  24 boulders
24 creatures vanquished.

Grand Total: 306 creatures vanquished

Notes
Turn   | Place    | Note
-------+----------+-------------------------------------------
     0 | D:1      | raph the Deep Elf Earth Elementalist began the quest for
                  | the Orb.
     0 | D:1      | Reached XP level 1. HP: 10/10 MP: 6/6
   318 | D:1      | Reached XP level 2. HP: 15/15 MP: 5/8
   731 | D:1      | Reached XP level 3. HP: 6/19 MP: 4/9
   735 | D:1      | Learned a level 3 spell: Passwall
   739 | D:1      | Learned a level 3 spell: Stone Arrow
  1275 | D:2      | Identified the +9 dagger "Zimamon" {heavy, Fly rPois}
  1294 | D:2      | Reached skill level 4 in Earth Magic
  1428 | D:2      | Found a burning altar of Makhleb.
  1577 | D:2      | Reached XP level 4. HP: 24/24 MP: 9/11
  1915 | D:3      | Found a faded altar of an unknown god.
  2072 | D:3      | Noticed a scorpion
  2077 | D:3      | Killed a scorpion
  2078 | D:3      | Reached XP level 5. HP: 28/28 MP: 2/12
  2671 | D:3      | Found a blossoming altar of Fedhas.
  2877 | D:4      | Reached XP level 6. HP: 24/32 MP: 2/14
  3038 | D:4      | Learned a level 4 spell: Brom's Barrelling Boulder
  3045 | D:4      | Noticed Pikel
  3049 | D:4      | Killed Pikel
  3050 | D:4      | Reached skill level 5 in Earth Magic
  3050 | D:4      | Reached XP level 7. HP: 36/36 MP: 7/16
  3135 | D:4      | Reached skill level 5 in Stealth
  3205 | D:4      | Reached skill level 5 in Spellcasting
  3205 | D:4      | Reached skill level 6 in Earth Magic
  3329 | D:4      | Reached skill level 5 in Conjurations
  3559 | D:4      | Noticed Eustachio
  3570 | D:4      | Killed Eustachio
  3571 | D:4      | Reached XP level 8. HP: 41/41 MP: 4/18
  3783 | D:4      | Noticed Ijyb
  3789 | D:4      | Killed Ijyb
  3852 | D:4      | Learned a level 2 spell: Call Imp
  3974 | D:4      | Found an ornate altar of the Wu Jian Council.
  4119 | D:4      | Found a runed translucent door.
  4119 | D:4      | Identified the +6 hammer "Ereiclel" {freeze, rElec Int+3
                  | Dex+3}
  4121 | D:4      | Noticed Crazy Yiuf
  4127 | D:4      | Killed Crazy Yiuf
  4128 | D:4      | Reached skill level 5 in Dodging
  4298 | D:5      | Entered Level 5 of the Dungeon
  4469 | D:5      | Found a staircase to the Ecumenical Temple.
  4490 | Temple   | Entered the Ecumenical Temple
  4524 | Temple   | Became a worshipper of Sif Muna the Loreminder
  4594 | D:5      | Found a hazy altar of Hepliaklqana.
  4863 | D:6      | Reached skill level 1 in Summonings
  5002 | D:6      | Reached skill level 1 in Fighting
  5002 | D:6      | Reached skill level 7 in Earth Magic
  5045 | D:6      | Found Fifor's Jewellery Boutique.
  5051 | D:6      | Bought a ring of magical power for 220 gold pieces
  5117 | D:6      | Found an opulent altar of Gozag.
  5131 | D:6      | Noticed Maggie
  5142 | D:6      | Killed Maggie
  5143 | D:6      | Reached skill level 1 in Invocations
  5257 | D:6      | Reached XP level 9. HP: 47/47 MP: 2/20
  5261 | D:6      | Learned a level 3 spell: Hailstorm
  5468 | D:6      | Found Coneuw's Weapon Emporium.
  5523 | D:6      | Noticed Sigmund
  5529 | D:6      | Killed Sigmund
  5809 | D:6      | Noticed Menkaure
  5810 | D:6      | Killed Menkaure
  5943 | D:6      | Found a runed translucent gate.
  5943 | D:6      | Found a runed translucent gate.
  5943 | D:6      | Found a runed translucent gate.
  5966 | D:6      | Noticed Jeremiah
  6196 | D:6      | Killed Jeremiah
  6595 | D:6      | Noticed unihiutale's ghost (novice OpDe)
  6629 | D:6      | Learned a level 4 spell: Petrify
  6751 | D:7      | Reached skill level 8 in Earth Magic
  7203 | D:7      | Found a runed translucent door.
  7203 | D:7      | Noticed grmbl's ghost (novice OpCj)
  7403 | D:7      | Found a shimmering altar of Xom.
  7407 | D:7      | Found a broken altar of Ashenzari.
  7410 | D:7      | Found a bloodstained altar of Trog.
  7592 | D:7      | Found an ancient bone altar of Kikubaaqudgha.
  8087 | D:8      | Found a glowing silver altar of Zin.
  8356 | D:8      | Reached XP level 10. HP: 54/54 MP: 3/22
  9485 | D:9      | Reached * piety under Sif Muna
  9592 | D:9      | Found a shadowy altar of Dithmenos.
  9713 | D:9      | Noticed a cyclops
  9717 | D:9      | Killed a cyclops
  9718 | D:9      | Reached skill level 9 in Earth Magic
 10364 | D:10     | Entered Level 10 of the Dungeon
 10728 | D:10     | Found a glowing golden altar of the Shining One.
 10828 | D:10     | Noticed a two-headed ogre
 10846 | D:10     | Killed a two-headed ogre
 11044 | D:10     | Learned a level 4 spell: Animate Armour
 11325 | D:10     | Noticed an orc knight
 11378 | D:10     | Noticed a two-headed ogre
 11386 | D:10     | Reached XP level 11. HP: 24/60 MP: 19/25
 11390 | D:10     | Killed a two-headed ogre
 11547 | D:10     | Killed an orc knight
 11905 | D:11     | Noticed a two-headed ogre
 11910 | D:11     | Killed a two-headed ogre
 11911 | D:11     | Reached skill level 5 in Summonings
 11931 | D:11     | Noticed a boulder beetle
 11938 | D:11     | Killed a boulder beetle
 11938 | D:11     | Reached ** piety under Sif Muna
 11939 | D:11     | Reached skill level 10 in Earth Magic
 11939 | D:11     | Reached skill level 5 in Invocations
 12526 | D:11     | Found a staircase to the Lair.
 12634 | Lair:1   | Entered Level 1 of the Lair of Beasts
 12889 | Lair:1   | Reached skill level 10 in Conjurations
 13563 | Lair:1   | Noticed a catoblepas
 13569 | Lair:1   | Killed a catoblepas
 13570 | Lair:1   | Reached XP level 12. HP: 40/67 MP: 21/27
 13892 | Lair:1   | Reached skill level 11 in Earth Magic
 14425 | Lair:2   | Found a gate leading to a gauntlet.
 14581 | Gauntlet | Entered a Gauntlet
 14581 | Gauntlet | Found a transporter.
 14581 | Gauntlet | Found a transporter.
 14584 | Gauntlet | Noticed a catoblepas
 14654 | Gauntlet | Found a transporter.
 14658 | Gauntlet | Found a transporter.
 14667 | Gauntlet | Found a transporter.
 14670 | Gauntlet | Found a transporter.
 14678 | Gauntlet | Found a transporter.
 14691 | Gauntlet | Noticed a blizzard demon
 14698 | Gauntlet | Found a transporter.
 14715 | Gauntlet | Found a transporter.
 14719 | Gauntlet | Found a transporter.
 14721 | Gauntlet | Found a runed translucent door.
 14723 | Gauntlet | Found a runed translucent door.
 14727 | Gauntlet | Found a transporter.
 14731 | Gauntlet | Found a transporter.
 14822 | Gauntlet | Identified the +2 hat of Haneokliesh {Int+4 Dex+2 SInv}
 14914 | Gauntlet | Slain by a wolf spider

Illustrated notes

Levels and vault maps discovered:
D:1:      scummos_arrival_hexagon, layout_basic, minmay_misc_feat_five,
          minmay_hedge_maze
D:2:      layout_rooms, basic_altar, minmay_pentomino_o4
D:3:      layout_basic, fedhas_altar_3,
          shapermc_ecumenical_altar_mp_urbaneastern
D:4:      layout_loops_ring, nicolae_wu_jian_glorious_leap,
          ebering_dispersal_statue_hall, uniq_ijyb, uniq_eustachio,
          uniq_crazy_yiuf_cottage, uniq_pikel
D:5:      layout_basic, nzn_hepliaklqana_mist_gate,
          minmay_temple_entry_overgrown, chequers_serial_rivers_room_b
D:6:      layout_loops_ring, nicolae_gozag_seed_capital, gammafunk_ghost_icy,
          serial_shops, shop, shop, uniq_maggie, uniq_jeremiah, uniq_menkaure,
          uniq_sigmund
D:7:      layout_loops_ring, mainiacjoe_overflow_concentric_impassable,
          grunt_temple_overflow_diamond, gammafunk_ghost_grave, minmay_puff
D:8:      layout_basic, mainiacjoe_overflow_six_doors_small,
          kennysheep_generic_room_12
D:9:      layout_irregular_city, mainiacjoe_overflow_catwalk
D:10:     minmay_clustersquares, layout_basic, lemuel_doored_altar
D:11:     layout_rooms, lair_entry_dummy, abandoned_shop
Temple:   jpeg_temple_clearing
Lair:1:   layout_roguey, grunt_megastairs_1, serial_bayou_shore_a
Lair:2:   layout_hall_layers, elwin_shoals_entry_rocks, gauntlet_entry_generic,
          nicolae_volcano_entry_two_sided, grunt_forest_large_clearings,
          grunt_megastairs_5
Gauntlet: minmay_gauntlet_77_indecision
          [minmay_gauntlet_arena_77_tiled_triplets,
          minmay_gauntlet_arena_77_museum, minmay_gauntlet_arena_77_cramped,
          minmay_gauntlet_arena_77_mess, minmay_gauntlet_arena_77_block_sizes,
          minmay_gauntlet_arena_77_two_paths,
          nicolae_gauntlet_exit_dead_adventurers]

Skill      XL: |  1  2  3  4  5  6  7  8  9 10 11 12 |
---------------+-------------------------------------+-----
Conjurations   | 2 3 4 5 6 7 8 10 | 10.8
Stealth        | 3 4 5 6 7 |  7.8
Earth Magic    | 4 5 6 7 8 9 10 11 | 11.2
Dodging        | 3 4 5 6 7 8 |  8.7
Spellcasting   | 4 5 6 7 8 9 |  9.5
Summonings     | 1 3 4 5 6 |  6.2
Fighting       | 1 2 3 4 |  4.9
Invocations    | 1 3 4 5 6 |  6.3

Action                     |  1- 3 |  4- 6 |  7- 9 | 10-12 || total
---------------------------+-------+-------+-------+-------++-------
  Melee: Dagger            |     8 |    15 |     1 |     3 ||    27
         Mace              |       |       |     7 |     5 ||    12
         Punch             |       |       |     1 |       ||     1
   Cast: Sandblast         |    44 |    37 |    18 |    25 ||   124
         Stone Arrow       |     2 |    16 |   106 |   184 ||   308
         Brom's Barrelling |       |       |    22 |    47 ||    69
         Hailstorm         |       |       |     3 |     1 ||     4
         Call Imp          |       |       |     2 |    10 ||    12
         Petrify           |       |       |     1 |       ||     1
         Animate Armour    |       |       |       |     3 ||     3
         Passwall          |       |       |       |     1 ||     1
 Invoke: Channel Magic     |       |       |       |     1 ||     1
    Use: Scroll            |       |       |    13 |     6 ||    19
         Potion            |       |       |       |     1 ||     1
   Stab: Sleeping          |     1 |       |       |       ||     1
 Armour: Robe              |    14 |    14 |     6 |       ||    34
         Steam dragon scal |       |       |    15 |   111 ||   126
  Dodge: Dodged            |    15 |    20 |    19 |   108 ||   162
